TOP OF THE 1ST |
Athletic Club KC batting - Pitching for Kingston Township Knights : LHP Dale Snider
|
Pitching: LHP Dale Snider
|
|
Batting: RHB Yehonatan Chazan
|
0-0: Ball 1-0: Ball 2-0: Called Strike 2-1: Ball 3-1: Fly out, F6 (Line Drive, 6, EV 75.0 MPH)
|
Batting: RHB Carlos Rojas
|
0-0: Ball 1-0: Ball 2-0: Ball 3-0: Called Strike 3-1: Fly out, F9 (Flyball, 89S, EV 83.8 MPH)
|
Batting: RHB Francisco Vargas
|
0-0: Swinging Strike 0-1: Foul Ball, location: 2F 0-2: Foul Ball, location: 2F 0-2: Foul Ball, location: 2F 0-2: Ball 1-2: Ball 2-2: SINGLE (Flyball, 9S, EV 85.0 MPH)
|
Batting: RHB Brett Callison
|
0-0: Ball 1-0: Ball 2-0: Ball 3-0: Base on Balls Francisco Vargas to second
|
Batting: RHB John Ricks
|
0-0: Called Strike 0-1: Called Strike 0-2: Strikes out swinging
|
Top of the 1st over - 0 runs, 1 hit, 0 errors, 2 left on base; Athletic Club KC 0 - Kingston Township 0 |
BOTTOM OF THE 1ST |
Kingston Township Knights batting - Pitching for Athletic Club KC : RHP Salvador Sagastizabal
|
Pitching: RHP Salvador Sagastizabal
|
|
Batting: RHB Khal Drogo
|
0-0: Ball 1-0: Ball 2-0: Ball 3-0: Base on Balls
|
Batting: RHB Daniel Maldonado
|
0-0: Ball Khal Drogo steals 2nd base 1-0: Ball 2-0: Foul Ball, location: 2F 2-1: Foul Ball, location: 2F 2-2: Foul Ball, location: 2F 2-2: Fly out, F3 (Popup, 23F, EV 81.9 MPH)
|
Batting: RHB Holden Ford
|
0-0: Called Strike Khal Drogo steals 3rd base 0-1: Ground out 4-3 (Groundball, 4, EV 86.9 MPH) Khal Drogo scores
|
Batting: RHB Takenao Wakabayashi
|
0-0: Foul Ball, location: 2F 0-1: Ball 1-1: Foul Ball, location: 2F 1-2: Ball 2-2: Foul Ball, location: 2F 2-2: Ball 3-2: Foul Ball, location: 2F 3-2: Ground out 4-3 (Groundball, 4, EV 83.8 MPH)
|
Bottom of the 1st over - 1 run, 0 hits, 0 errors, 0 left on base; Athletic Club KC 0 - Kingston Township 1 |
TOP OF THE 2ND |
Athletic Club KC batting - Pitching for Kingston Township Knights : LHP Dale Snider
|
Batting: LHB Luis Miguel González
|
0-0: Ball 1-0: Ball 2-0: Called Strike 2-1: Foul Ball, location: 2F 2-2: Fly out, F9 (Flyball, 9LM, EV 81.2 MPH)
|
Batting: LHB Todd Baker
|
0-0: Ball 1-0: Fly out, F7 (Flyball, 7LD, EV 86.2 MPH)
|
Batting: RHB Tasuku Goto
|
0-0: Ball 1-0: Called Strike 1-1: Swinging Strike 1-2: Strikes out swinging
|
Top of the 2nd over - 0 runs, 0 hits, 0 errors, 0 left on base; Athletic Club KC 0 - Kingston Township 1 |
BOTTOM OF THE 2ND |
Kingston Township Knights batting - Pitching for Athletic Club KC : RHP Salvador Sagastizabal
|
Batting: RHB Seong-ho Chong
|
0-0: Ball 1-0: Fly out, F8 (Flyball, 8LD, EV 85.6 MPH)
|
Batting: RHB Alfredo Cardenas
|
0-0: Called Strike 0-1: Ball 1-1: Ball 2-1: Ball 3-1: Foul Ball, location: 2F 3-2: Foul Ball, location: 2F 3-2: Base on Balls
|
Batting: RHB Scott Robertson
|
0-0: Ball 1-0: Ball 2-0: Fly out, F8 (Flyball, 78M, EV 93.1 MPH)
|
Batting: RHB Zack McLean
|
0-0: Ball Passed Ball! Alfredo Cardenas to second 1-0: Ball 2-0: Foul Ball, location: 2F 2-1: Ground out 3-1 (Groundball, 34, EV 83.1 MPH)
|
Bottom of the 2nd over - 0 runs, 0 hits, 0 errors, 1 left on base; Athletic Club KC 0 - Kingston Township 1 |
TOP OF THE 3RD |
Athletic Club KC batting - Pitching for Kingston Township Knights : LHP Dale Snider
|
Batting: RHB Armando Altagracia
|
0-0: Ball 1-0: Ball 2-0: Foul Ball, location: 2F 2-1: SINGLE (Groundball, 6, EV 87.5 MPH) (infield hit)
|
Batting: RHB Yehonatan Chazan
|
0-0: Called Strike 0-1: Swinging Strike 0-2: Ball 1-2: Foul Ball, location: 2F 1-2: Strikes out swinging
|
Batting: RHB Carlos Rojas
|
0-0: Ball 1-0: Called Strike 1-1: Foul Ball, location: 2F 1-2: Foul Ball, location: 2F 1-2: Fly out, F5 (Popup, 5SF, EV 73.8 MPH)
|
Batting: RHB Francisco Vargas
|
0-0: Ball 1-0: SINGLE (Groundball, 6MD, EV 97.5 MPH) Armando Altagracia to second Runner from 2nd tries for 3rd, SAFE, throw by CF made to third
|
Batting: RHB Brett Callison
|
0-0: Called Strike 0-1: Ball 1-1: Ball 2-1: Called Strike 2-2: Ball 3-2: Strikes out swinging
|
Top of the 3rd over - 0 runs, 2 hits, 0 errors, 2 left on base; Athletic Club KC 0 - Kingston Township 1 |
BOTTOM OF THE 3RD |
Kingston Township Knights batting - Pitching for Athletic Club KC : RHP Salvador Sagastizabal
|
Batting: RHB Glenn Curtis
|
0-0: Foul Ball, location: 2F 0-1: Ball 1-1: Fly out, F9 (Line Drive, 9, EV 91.9 MPH)
|
Batting: RHB Khal Drogo
|
0-0: Ball 1-0: Fly out, F8 (Flyball, 8RM, EV 76.9 MPH)
|
Batting: RHB Daniel Maldonado
|
0-0: Ball 1-0: Foul Ball, location: 2F 1-1: Foul Ball, location: 2F 1-2: Foul Ball, location: 2F 1-2: Ball 2-2: Ball 3-2: Ground out 6-3 (Groundball, 6M, EV 91.2 MPH)
|
Bottom of the 3rd over - 0 runs, 0 hits, 0 errors, 0 left on base; Athletic Club KC 0 - Kingston Township 1 |
TOP OF THE 4TH |
Athletic Club KC batting - Pitching for Kingston Township Knights : LHP Dale Snider
|
Batting: RHB John Ricks
|
0-0: Called Strike 0-1: Foul Ball, location: 2F 0-2: Strikes out swinging
|
Batting: LHB Luis Miguel González
|
0-0: Foul Ball, location: 2F 0-1: Ball 1-1: Fly out, F7 (Flyball, 7LS, EV 88.1 MPH)
|
Batting: LHB Todd Baker
|
0-0: Ball 1-0: Called Strike 1-1: Ground out 4-3 (Groundball, 4, EV 88.8 MPH)
|
Top of the 4th over - 0 runs, 0 hits, 0 errors, 0 left on base; Athletic Club KC 0 - Kingston Township 1 |
BOTTOM OF THE 4TH |
Kingston Township Knights batting - Pitching for Athletic Club KC : RHP Salvador Sagastizabal
|
Batting: RHB Holden Ford
|
0-0: Ball 1-0: Ground out 1-3 (Groundball, 23, EV 86.9 MPH)
|
Batting: RHB Takenao Wakabayashi
|
0-0: Foul Ball, location: 2F 0-1: Ball 1-1: Ball 2-1: SINGLE (Groundball, 34D, EV 95.6 MPH)
|
Batting: RHB Seong-ho Chong
|
0-0: Called Strike Takenao Wakabayashi steals 2nd base 0-1: Ball 1-1: Called Strike 1-2: Ball 2-2: Fly out, F8 (Flyball, 8LS, EV 83.8 MPH)
|
Batting: RHB Alfredo Cardenas
|
0-0: Ball 1-0: Ground out U3 (Groundball, 3S, EV 90.6 MPH)
|
Bottom of the 4th over - 0 runs, 1 hit, 0 errors, 1 left on base; Athletic Club KC 0 - Kingston Township 1 |
TOP OF THE 5TH |
Athletic Club KC batting - Pitching for Kingston Township Knights : LHP Dale Snider
|
Batting: RHB Tasuku Goto
|
0-0: Ball 1-0: Ball 2-0: Ball 3-0: Foul Ball, location: 2F 3-1: Foul Ball, location: 2F 3-2: Base on Balls
|
Batting: RHB Armando Altagracia
|
0-0: Called Strike 0-1: Ball 1-1: Foul Ball, location: 2F 1-2: Foul Ball, location: 2F 1-2: Ball 2-2: Foul Ball, location: 2F 2-2: Ball 3-2: Foul Ball, location: 2F 3-2: Base on Balls Tasuku Goto to second
|
Batting: RHB Yehonatan Chazan
|
0-0: Ball 1-0: Ball 2-0: Foul Ball, location: 2F 2-1: Swinging Strike 2-2: Ball 3-2: Base on Balls Tasuku Goto to third Armando Altagracia to second
|
Batting: RHB Carlos Rojas
|
0-0: Called Strike 0-1: Foul Ball, location: 2F 0-2: Strikes out swinging
|
Batting: RHB Francisco Vargas
|
0-0: Called Strike 0-1: Ball 1-1: Ball 2-1: Foul Ball, location: 2F 2-2: Fly out, F8 (Flyball, 8LS, EV 89.4 MPH)
|
Batting: RHB Brett Callison
|
0-0: Ball 1-0: Swinging Strike 1-1: Fly out, F1 (Line Drive, P, EV 68.8 MPH)
|
Top of the 5th over - 0 runs, 0 hits, 0 errors, 3 left on base; Athletic Club KC 0 - Kingston Township 1 |
BOTTOM OF THE 5TH |
Kingston Township Knights batting - Pitching for Athletic Club KC : RHP Salvador Sagastizabal
|
Batting: RHB Scott Robertson
|
0-0: Called Strike 0-1: Foul Ball, location: 2F 0-2: Ball 1-2: Ball 2-2: Ball 3-2: Base on Balls
|
Batting: RHB Zack McLean
|
0-0: Bunted foul 0-1: Bunt - Flyout to 25 - DP at third! 5-3
|
Batting: RHB Glenn Curtis
|
0-0: Called Strike 0-1: Ball 1-1: Ball 2-1: Ball 3-1: Base on Balls
|
Batting: RHB Khal Drogo
|
0-0: Ball 1-0: Called Strike 1-1: Ground out 5-3 (Groundball, 56S, EV 81.2 MPH)
|
Bottom of the 5th over - 0 runs, 0 hits, 0 errors, 1 left on base; Athletic Club KC 0 - Kingston Township 1 |
TOP OF THE 6TH |
Athletic Club KC batting - Pitching for Kingston Township Knights : LHP Dale Snider
|
Batting: RHB John Ricks
|
0-0: Called Strike 0-1: Ball 1-1: Ground out 6-3 (Groundball, 6, EV 92.5 MPH)
|
Batting: LHB Luis Miguel González
|
0-0: Foul Ball, location: 2F 0-1: Ball 1-1: Ball 2-1: Ball 3-1: Ground out U3 (Groundball, 34, EV 79.4 MPH)
|
Batting: LHB Todd Baker
|
0-0: Ball 1-0: Ball 2-0: Foul Ball, location: 2F 2-1: Ball 3-1: Base on Balls
|
Pitching: RHP Erick Indiano
|
|
Batting: RHB Tasuku Goto
|
0-0: Ball 1-0: Swinging Strike 1-1: Fly out, F3 (Popup, 34S, EV 79.4 MPH)
|
Top of the 6th over - 0 runs, 0 hits, 0 errors, 1 left on base; Athletic Club KC 0 - Kingston Township 1 |
BOTTOM OF THE 6TH |
Kingston Township Knights batting - Pitching for Athletic Club KC : RHP Salvador Sagastizabal
|
Batting: RHB Daniel Maldonado
|
0-0: Called Strike 0-1: Ball 1-1: Ball 2-1: Ball 3-1: Called Strike 3-2: Ground out 1-3 (Groundball, 34S, EV 82.5 MPH)
|
Batting: RHB Holden Ford
|
0-0: Swinging Strike 0-1: Ball 1-1: Swinging Strike 1-2: Ball 2-2: Ground out 5-3 (Groundball, 56, EV 103.8 MPH)
|
Batting: RHB Takenao Wakabayashi
|
0-0: Called Strike 0-1: Ball 1-1: Called Strike 1-2: Ball 2-2: Ground out 5-3 (Groundball, 56S, EV 78.1 MPH)
|
Bottom of the 6th over - 0 runs, 0 hits, 0 errors, 0 left on base; Athletic Club KC 0 - Kingston Township 1 |
TOP OF THE 7TH |
Athletic Club KC batting - Pitching for Kingston Township Knights : RHP Erick Indiano
|
Batting: RHB Armando Altagracia
|
0-0: Foul Ball, location: 2F 0-1: Ground out 5-3 (Groundball, 56S, EV 84.4 MPH)
|
Batting: RHB Yehonatan Chazan
|
0-0: Ball 1-0: Foul Ball, location: 2F 1-1: Ball 2-1: Foul Ball, location: 2F 2-2: Ball 3-2: Ground out 6-3 (Groundball, 56, EV 88.1 MPH)
|
Batting: RHB Carlos Rojas
|
0-0: Foul Ball, location: 2F 0-1: Foul Ball, location: 2F 0-2: Ball 1-2: Ball 2-2: Strikes out swinging
|
Top of the 7th over - 0 runs, 0 hits, 0 errors, 0 left on base; Athletic Club KC 0 - Kingston Township 1 |
BOTTOM OF THE 7TH |
Kingston Township Knights batting - Pitching for Athletic Club KC : RHP Salvador Sagastizabal
|
Batting: RHB Seong-ho Chong
|
0-0: Ball 1-0: SINGLE (Groundball, 6MD, EV 103.8 MPH)
|
Batting: RHB Alfredo Cardenas
|
0-0: Called Strike 0-1: Foul Ball, location: 2F 0-2: Fielders Choice at 2nd, 1-4 (Groundball, 25, EV 86.9 MPH)
|
Batting: RHB Scott Robertson
|
0-0: Called Strike 0-1: Ball 1-1: Ball 2-1: Foul Ball, location: 2F 2-2: Strikes out looking
|
Pitching: RHP Rafael Narváez
|
|
Batting: RHB Zack McLean
|
0-0: Ball Alfredo Cardenas steals 2nd base 1-0: Ball 2-0: Ball 3-0: Called Strike 3-1: Base on Balls
|
Batting: RHB Glenn Curtis
|
0-0: Ground out 5-3 (Groundball, 56S, EV 88.8 MPH)
|
Bottom of the 7th over - 0 runs, 1 hit, 0 errors, 2 left on base; Athletic Club KC 0 - Kingston Township 1 |
TOP OF THE 8TH |
Athletic Club KC batting - Pitching for Kingston Township Knights : RHP Erick Indiano
|
Batting: RHB Francisco Vargas
|
0-0: Ball 1-0: Swinging Strike 1-1: Ball 2-1: Called Strike 2-2: Strikes out swinging
|
Batting: RHB Brett Callison
|
0-0: Called Strike 0-1: Foul Ball, location: 2F 0-2: Ball 1-2: Fly out, F8 (Flyball, 8LD, EV 85.6 MPH)
|
Batting: RHB John Ricks
|
0-0: Fly out, F8 (Line Drive, 8LM, EV 103.8 MPH)
|
Top of the 8th over - 0 runs, 0 hits, 0 errors, 0 left on base; Athletic Club KC 0 - Kingston Township 1 |
BOTTOM OF THE 8TH |
Kingston Township Knights batting - Pitching for Athletic Club KC : RHP Rafael Narváez
|
Batting: RHB Khal Drogo
|
0-0: Ball 1-0: Called Strike 1-1: Ball 2-1: Swinging Strike 2-2: Foul Ball, location: 2F 2-2: SINGLE (Groundball, 56D, EV 108.1 MPH)
|
Batting: RHB Daniel Maldonado
|
0-0: Foul Ball, location: 2F 0-1: Ball 1-1: Ball 2-1: Fly out, F7 (Flyball, 78D, EV 87.5 MPH)
|
Batting: RHB Holden Ford
|
0-0: Called Strike Khal Drogo steals 2nd base 0-1: Ball 1-1: Called Strike 1-2: Foul Ball, location: 2F 1-2: DOUBLE (Groundball, 5L, EV 99.4 MPH) Khal Drogo scores
|
Batting: RHB Takenao Wakabayashi
|
0-0: Intentional Walk
|
Batting: RHB Seong-ho Chong
|
0-0: Fielders Choice at 2nd, 1-6 (Groundball, 34S, EV 74.4 MPH) Holden Ford to third
|
Batting: RHB Alfredo Cardenas
|
0-0: Ball Passed Ball! Holden Ford scores Seong-ho Chong to second 1-0: Called Strike 1-1: Ball 2-1: Ground out 6-3 (Groundball, 6, EV 105.0 MPH)
|
Bottom of the 8th over - 2 runs, 2 hits, 0 errors, 1 left on base; Athletic Club KC 0 - Kingston Township 3 |
TOP OF THE 9TH |
Athletic Club KC batting - Pitching for Kingston Township Knights : RHP Erick Indiano
|
Pitching: RHP John Riggleman
|
|
Batting: LHB Luis Miguel González
|
0-0: Ball 1-0: Ball 2-0: Ball 3-0: Foul Ball, location: 2F 3-1: SINGLE (Groundball, 4MD, EV 101.9 MPH)
|
Batting: LHB Todd Baker
|
0-0: Ball 1-0: DOUBLE (Line Drive, 89XD, EV 100.6 MPH) Luis Miguel González to third
|
Pinch Hitting: LHB Tsai Ng
|
0-0: Called Strike 0-1: Ground out 4-3 (Groundball, 4, EV 101.9 MPH) Luis Miguel González scores Todd Baker to third
|
Batting: RHB Armando Altagracia
|
0-0: 2-RUN HOME RUN (Flyball, 8RXD, EV 105.0 MPH), Distance : 444 ft
|
Batting: RHB Yehonatan Chazan
|
0-0: Ball 1-0: Called Strike 1-1: Ball 2-1: Ball 3-1: Called Strike 3-2: Ground out 5-3 (Groundball, 56S, EV 61.9 MPH)
|
Batting: RHB Carlos Rojas
|
0-0: Ball 1-0: Called Strike 1-1: Foul Ball, location: 2F 1-2: SINGLE (Line Drive, 9S, EV 91.9 MPH)
|
Batting: RHB Francisco Vargas
|
0-0: Reached on error, E1 (Groundball, 13S, EV 63.8 MPH) Carlos Rojas to second
|
Batting: RHB Brett Callison
|
0-0: Ball 1-0: Foul Ball, location: 2F 1-1: Fly out, F8 (Flyball, 8RD, EV 99.4 MPH)
|
Top of the 9th over - 3 runs, 4 hits, 1 error, 2 left on base; Athletic Club KC 3 - Kingston Township 3 |
BOTTOM OF THE 9TH |
Kingston Township Knights batting - Pitching for Athletic Club KC : RHP Rafael Narváez
|
Pitching: RHP Taalay Ibragimov
|
|
Now at 3B: Arnold Giroux
|
|
Batting: RHB Scott Robertson
|
0-0: Fly out, F7 (Flyball, 7LSF, EV 97.5 MPH)
|
Batting: RHB Zack McLean
|
0-0: Ball 1-0: Foul Ball, location: 2F 1-1: Foul Ball, location: 2F 1-2: DOUBLE (Flyball, 8RXD, EV 99.4 MPH)
|
Pinch Hitting: LHB Tony Goodwin
|
0-0: Called Strike 0-1: Ball 1-1: SINGLE (Groundball, 4MD, EV 106.9 MPH) Zack McLean to third Runner from 3rd tries for Home, SAFE, no throw by CF
|
|
Friday, April 17th, 2020 - OOTP Baseball 20.8 Build 74
|
|